 Dungeon Crawl Stone Soup version 0.29-a0-495-g17b79114eb (webtiles) character file.

Game seed: 5827907845578829664

6094 dolemite99 the Basher (level 10, -2/83 HPs)
             Began as a Minotaur Fighter on May 27, 2022.
             Was an Initiate of Gozag.
             Slain by a meliai
             ... wielding a +0 war axe
              (8 damage)
             ... on level 10 of the Dungeon.
             The game lasted 00:14:09 (14147 turns).

dolemite99 the Basher (Minotaur Fighter)           Turns: 14147, Time: 00:14:09

Health: -2/83      AC: 15    Str: 31    XL:     10   Next: 58%
Magic:  9/9        EV:  7    Int:  5    God:    Gozag
Gold:   854        SH: 10    Dex: 10    Spells: 9/9 levels left

rFire   . . .      SeeInvis .   a - +3 morningstar
rCold   . . .      Faith    .   x - +1 buckler
rNeg    . . .      Spirit   .   d - +0 plate armour
rPois   .          Reflect  +   (helmet restricted)
rElec   .          Harm     .   z - +0 cloak
rCorr   .          Rampage  .   G - +0 pair of gloves
Will    .....                   (no boots)
Stlth   ..........              y - amulet of reflection
HPRegen 0.23/turn               c - +6 ring of strength
MPRegen 0.11/turn               (no ring)

@: no status effects
A: horns 2, retaliatory headbutt
a: Renounce Religion, Potion Petition, Call Merchant, Bribe Branch


You were on level 10 of the Dungeon.
You worshipped Gozag.
Gozag was pleased with you.
You visited 1 branch of the dungeon, and saw 10 of its levels.
You also visited: Sewer.

You collected 1635 gold pieces.
You spent 741 gold pieces at shops.
You paid 40 gold pieces to Gozag.

Inventory:

Hand Weapons
 a - a +3 morningstar (weapon)
 b - the +10 hand crossbow of Guamuh {elec, Will++}
   (You bought it in a shop on level 7 of the Dungeon)

   Any ammunition fired from it occasionally discharges a powerful burst of
   electricity upon striking a foe.
   Will:      It greatly increases your willpower.
 k - a +3 trident
 w - a +0 vampiric broad axe
 A - a +0 morningstar
 C - a +1 hand axe of freezing
 F - a +0 hand axe of venom
 I - a +0 battleaxe
 J - a +0 flail
 M - a +1 flail of freezing
Missiles
 i - 2 throwing nets
 j - a boomerang (quivered)
 l - 276 stones
Armour
 d - a +0 plate armour (worn)
 x - a +1 buckler (worn)
 z - a +0 cloak (worn)
 G - a +0 pair of gloves (worn)
Jewellery
 c - a +6 ring of strength (left hand)
 h - an amulet of guardian spirit
 q - a ring of wizardry
 y - an amulet of reflection (around neck)
Wands
 E - a wand of iceblast (18)
Scrolls
 m - a scroll of fog
 p - 3 scrolls of vulnerability
 t - 2 scrolls of teleportation
 v - 2 scrolls of poison
 H - 2 scrolls of magic mapping
 K - a scroll of fear
 O - a scroll of identify {@r1}
Potions
 e - a potion of brilliance
 f - 3 potions of curing
 g - 4 potions of attraction
 n - 2 potions of mutation
 o - 3 potions of heal wounds
 r - 3 potions of degeneration
 s - 2 potions of flight
 u - a potion of ambrosia {unknown}
 D - 2 potions of invisibility {unknown}
 L - a potion of magic {unknown}
 N - a potion of haste


   Skills:
 - Level 6.1 Fighting
 - Level 4.1(9.4) Axes
 - Level 13.0(13.3) Maces & Flails
 + Level 8.7 Crossbows
 - Level 6.1 Armour
 - Level 3.6 Shields
 - Level 4.7 Evocations


You had 9 spell levels left.
You didn't know any spells.
Your spell library contained the following spells:

 Spells                   Type           Power      Damage    Failure   Level
 Apportation              Tloc           0%         N/A       99%         1
 Necrotize                Necr           0%         1d4       99%         1
 Shock                    Conj/Air       0%         1d3       99%         1
 Slow                     Hex            0%         N/A       99%         1
 Summon Small Mammal      Summ           0%         N/A       99%         1
 Ensorcelled Hibernation  Hex/Ice        0%         N/A       100%        2
 Passwall                 Tmut/Erth      0%         N/A       100%        2
 Confusing Touch          Hex            0%         N/A       100%        3
 Portal Projectile        Hex/Tloc       0%         N/A       100%        3
 Swiftness                Air            0%         N/A       100%        3
 Tukima's Dance           Hex            0%         N/A       100%        3
 Vampiric Draining        Necr           0%         2d6       100%        3
 Airstrike                Air            0%         N/A       100%        4
 Blade Hands              Tmut           0%         N/A       100%        5


Dungeon Overview and Level Annotations

Branches:
Dungeon (10/15)            Temple (0/1) D:6             Orc (0/2) D:9
  Sewer (visited)
   Lair: D:8-11

Altars:
Dithmenos
Gozag
Kikubaaqudgha
Nemelex Xobeh
Qazlal
Sif Muna
Wu Jian
Xom
Yredelemnul

Shops:
D:7 (

Portals:
Bailey: D:7

Annotations:
D:10 Fannar


Innate Abilities, Weirdness & Mutations

You have a pair of horns on your head.
You reflexively headbutt those who attack you in melee.


Message History

The meliai poisons you!
You barely miss the meliai.
The meliai is heavily wounded.
* * * LOW HITPOINT WARNING * * *
You feel extremely sick. You block the meliai's attack.
The meliai stings you but does no damage.
You feel better. The meliai hits you but does no damage.
The meliai completely misses you. You block the meliai's attack. x2
You completely miss the meliai.
The meliai is heavily wounded.
The meliai hits you with a +0 war axe! The meliai stings you!
* * * LOW HITPOINT WARNING * * *
The meliai hits you but does no damage. The meliai stings you.
* * * LOW HITPOINT WARNING * * *
You feel better. The meliai hits you with a +0 war axe.
* * * LOW HITPOINT WARNING * * *
The meliai stings you.
* * * LOW HITPOINT WARNING * * *
You block the meliai's attack. The meliai barely misses you.
You feel better. You block the meliai's attack. The meliai stings you.
* * * LOW HITPOINT WARNING * * *
You block the meliai's attack.
The meliai stings you but does no damage.
You feel better. You block the meliai's attack. x2
The meliai hits you with a +0 war axe!
* * * LOW HITPOINT WARNING * * *
The meliai stings you but does no damage.
Aiming: Throw Flame
Press: ? - help, Shift-Dir - straight line, f/p - meliai
Aim: a meliai, wielding a +0 war axe and wearing a +0 leather armour (heavily wounded, 60% to hit)
The puff of flame hits the meliai.
The meliai is severely wounded.
The now-empty wand crumbles to dust.
The meliai hits you with a +0 war axe.
* * * LOW HITPOINT WARNING * * *
You block the meliai's attack. The meliai hits you with a +0 war axe!
* * * LOW HITPOINT WARNING * * *
The meliai stings you!
You die...
Your body crumbles into a pile of gold.

#..<.....#. #........#
#........#..##........#
###'#######.....y.....#
#.### ####........#
#...## ###.######
###..# #.### #####'##
###...# #......#
#.y#..# ####......#
#@.#8.# ...#......#
#..#..# ##.#......#
...#.8# #.#......#
.#..#.⌠8 #.'......#
.##..#.... ###......#
.# #..##### #......#..
#... #......+. #.(.
#......#


You could see a meliai.

Vanquished Creatures
  A hydra (D:9)
  A troll (D:5)
  A shadow (D:10)
  2 wraiths (D:10)
  4 yaks (D:10)
  2 steam dragons
  Duvessa (D:6)
  An ice beast (D:7)
  3 orc warriors
  A sky beast (D:7)
  2 ogres
  A black bear (D:7)
  A centaur (D:6)
  A kobold brigand (D:8)
  6 bullfrogs
  A gnoll sergeant (D:8)
  A necrophage (D:5)
  4 scorpions
  13 wights
  Dowan (D:6)
  4 killer bees (D:9)
  2 howler monkeys
  5 orc priests
  2 hounds
  A jelly (D:6)
  3 iguanas
  14 orc wizards
  13 adders
  11 gnolls
  8 river rats
  A shadow imp (D:6)
  A white imp (D:6)
  An ufetubus (D:5)
  5 dart slugs
  35 orcs
  4 bats
  11 endoplasms
  A giant cockroach (D:2)
  12 goblins
  9 hobgoblins
  A jackal (D:1)
  12 kobolds
  A quokka (D:1)
  23 ball pythons
  6 frilled lizards
  23 rats
257 creatures vanquished.

Vanquished Creatures (collateral kills)
  5 killer bees (D:9)
5 creatures vanquished.

Vanquished Creatures (others)
  A bat (D:2)
  9 plants (D:10)
10 creatures vanquished.

Grand Total: 272 creatures vanquished

Notes
Turn   | Place    | Note
-------+----------+-------------------------------------------
     0 | D:1      | dolemite99 the Minotaur Fighter began the quest for the
                  | Orb.
     0 | D:1      | Reached XP level 1. HP: 19/19 MP: 0/0
    79 | D:1      | Reached skill level 3 in Maces & Flails
   293 | D:1      | Reached XP level 2. HP: 26/26 MP: 1/1
   356 | D:1      | Reached skill level 4 in Maces & Flails
   670 | D:1      | Reached XP level 3. HP: 31/31 MP: 2/2
  1141 | D:1      | Reached skill level 5 in Maces & Flails
  1517 | D:2      | Reached XP level 4. HP: 39/39 MP: 3/3
  1782 | D:2      | Identified the +0 leather armour of Eternal Vigilance
                  | {Dex+6}
  2192 | D:2      | Reached skill level 6 in Maces & Flails
  2365 | D:3      | Reached XP level 5. HP: 45/45 MP: 4/4
  2423 | D:3      | Found a stormy altar of Qazlal.
  2430 | D:3      | Found an ornate altar of the Wu Jian Council.
  2436 | D:3      | Found a shadowy altar of Dithmenos.
  2447 | D:3      | Found a shimmering blue altar of Sif Muna.
  2454 | D:3      | Found a shimmering altar of Xom.
  2460 | D:3      | Found an ancient bone altar of Kikubaaqudgha.
  2468 | D:3      | Found an opulent altar of Gozag.
  2520 | D:3      | Found a glowing drain.
  2530 | Sewer    | Entered a sewer
  2712 | Sewer    | Reached skill level 7 in Maces & Flails
  3054 | Sewer    | Reached skill level 8 in Maces & Flails
  3054 | Sewer    | Reached XP level 6. HP: 25/51 MP: 3/5
  4285 | D:3      | Became a worshipper of Gozag Ym Sagoz the Greedy
  4420 | D:4      | Reached skill level 9 in Maces & Flails
  4420 | D:4      | Reached XP level 7. HP: 43/57 MP: 4/6
  5342 | D:5      | Entered Level 5 of the Dungeon
  5473 | D:5      | Reached skill level 10 in Maces & Flails
  5979 | D:5      | Noticed a steam dragon
  5994 | D:5      | Killed a steam dragon
  6318 | D:5      | Reached skill level 11 in Maces & Flails
  6522 | D:5      | Reached XP level 8. HP: 64/64 MP: 7/7
  6966 | D:5      | Found a sparkling altar of Nemelex Xobeh.
  7032 | D:5      | Noticed a troll
  7036 | D:5      | Killed a troll
  7037 | D:5      | Reached skill level 12 in Maces & Flails
  7503 | D:6      | Found a staircase to the Ecumenical Temple.
  7516 | D:6      | Identified the +2 leather armour of Exclusion {rF+ Str+3
                  | Slay+2}
  7551 | D:6      | Reached skill level 1 in Evocations
  9048 | D:6      | Found a basalt altar of Yredelemnul.
  9303 | D:6      | Noticed Dowan
  9305 | D:6      | Noticed Duvessa
  9335 | D:6      | Killed Duvessa
  9336 | D:6      | Killed Dowan
  9337 | D:6      | Reached XP level 9. HP: 62/70 MP: 8/8
  9670 | D:7      | Found Ryezed's Weapon Shop.
  9698 | D:7      | Bought the +10 hand crossbow of Guamuh {elec, Will++} for
                  | 741 gold pieces
  9736 | D:7      | Reached skill level 1 in Crossbows
 10151 | D:7      | Found a flagged portal.
 10259 | D:8      | Reached skill level 5 in Crossbows
 10775 | D:8      | Reached skill level 1 in Axes
 12206 | D:9      | Reached skill level 5 in Fighting
 12208 | D:9      | Reached skill level 5 in Armour
 12613 | D:9      | Noticed a six-headed hydra
 12618 | D:9      | Killed a six-headed hydra
 12619 | D:9      | Reached XP level 10. HP: 82/82 MP: 9/9
 13212 | D:9      | Reached skill level 13 in Maces & Flails
 13497 | D:9      | Found a staircase to the Orcish Mines.
 13567 | D:10     | Entered Level 10 of the Dungeon
 14004 | D:10     | Noticed Fannar
 14147 | D:10     | Slain by a meliai

Illustrated notes

Levels and vault maps discovered:
D:1:      dpeg_arrival_rooms_with_view, layout_loops_ring, minmay_tall_x
D:2:      kennysheep_six_static_rooms, layout_rooms,
          amcnicky_mini_rare_corridor_liquid
D:3:      layout_loops_corners, grunt_temple_overflow_octagram,
          portal_sewer_entry_e
D:4:      layout_basic, serial_glass, glass_columns_c, glass_columns_a,
          glass_columns_a, glass_columns_a
D:5:      layout_gridville, nemelex_dance_club_becter
D:6:      layout_loops_ring, mainiacjoe_overflow_alcove_2, temple_statues,
          minmay_misc_feat_plants, uniq_duvessa
D:7:      layout_cave_pools, enter_bailey_5, serial_shops,
          nicolae_shop_bloodbath_and_beyond
D:8:      layout_gridville
D:9:      layout_rooms, orc_0_dummy
D:10:     layout_roguey, erik_lair_orcish_takeover, chequers_decorated_corner,
          hangedman_stone_soup, minmay_shattered_shrine, uniq_fannar

Skill      XL: |  1  2  3  4  5  6  7  8  9 10 |
---------------+-------------------------------+-----
Maces & Flails | 3 4 5 6 8 9 11 12 13 | 13.0
Evocations     | 4 |  4.7
Crossbows      | 6 8 |  8.7
Axes           | 4 |  4.1
Fighting       | 5 6 |  6.1
Armour         | 5 6 |  6.1
Shields        | |  3.6

Action                   |  1- 3 |  4- 6 |  7- 9 | 10-12 || total
-------------------------+-------+-------+-------+-------++-------
Melee: Flail             |    65 |   183 |   231 |       ||   479
       Headbutt          |    12 |    22 |    35 |     5 ||    74
       Morningstar       |       |       |       |    26 ||    26
 Fire: Hand crossbow     |       |       |   110 |    66 ||   176
Throw: Boomerang         |       |    42 |    31 |       ||    73
Evoke: Wand              |       |       |    20 |     1 ||    21
  Use: Scroll            |     4 |     9 |     6 |     3 ||    22
       Potion            |       |     2 |     3 |     4 ||     9
 Stab: Distracted        |       |       |       |     1 ||     1
Armor: Scale mail        |    26 |    97 |    44 |       ||   167
       Plate armour      |       |       |    46 |    32 ||    78
Dodge: Dodged            |    27 |   108 |    75 |    17 ||   227
Block: Buckler           |    17 |    80 |   108 |    53 ||   258
       Reflection        |       |       |     5 |       ||     5

Table legend: (Time is in decaauts)
 A = Elapsed time spent in this place.
 B = Non-inter-level travel time spent in this place.
 C = Inter-level travel time spent in this place.
 D = Time resting spent in this place.
 E = Time spent auto-exploring this place.
 F = Levels seen in this place.
 G = Mean time per level.
                   A        B        C        D        E       F      G
               +--------+--------+--------+--------+--------+-----+--------+
         Total |  14275 |  13842 |    433 |   5909 |   5508 |  11 | 1297.7 |
       Dungeon |  13340 |  12907 |    433 |   5506 |   5206 |  10 | 1334.0 |
         Sewer |    935 |    935 |      0 |    403 |    301 |   1 |  935.0 |
               +--------+--------+--------+--------+--------+-----+--------+

Top non-repeatable levels by time:
     D:5: 3262 daAuts
     D:8: 2011 daAuts
     D:1: 1438 daAuts
     D:9: 1327 daAuts
     D:3: 1221 daAuts
     D:6: 1044 daAuts
     D:4: 985 daAuts
   Sewer: 935 daAuts
     D:2: 837 daAuts
     D:7: 612 daAuts
    D:10: 599 daAuts
